 Dungeon Crawl Stone Soup version 0.27-a0-789-g6bb3289e1e (webtiles) character file.

Game seed: 15151295241998760937

3038 Lanoc the Destroyer (level 9, -6/60 HPs)
             Began as a Palentonga Conjurer on Mar 26, 2021.
             Was an Initiate of Vehumet.
             Mangled by a wyvern (8 damage)
             ... on level 6 of the Dungeon.
             The game lasted 00:10:15 (8111 turns).

Lanoc the Destroyer (Palentonga Conjurer)           Turns: 8111, Time: 00:10:15

Health: -6/60      AC: 11    Str: 10    XL:     9   Next: 56%
Magic:  12/12      EV: 11    Int: 22    God:    Vehumet [......]
Gold:   324        SH:  0    Dex:  9    Spells: 9/12 levels left

rFire    . . .     SeeInvis +   i - +1 mace (vorpal)
rCold    . . .     Faith    .   (no shield)
rNeg     . . .     Spirit   .   a - +0 robe
rPois    .         Reflect  .   (no helmet)
rElec    .         Harm     .   (no cloak)
rCorr    .         Rampage  .   (no gloves)
Will     .....                  (no barding)
Stlth    +.........             h - amulet of the acrobat
HPRegen  0.20/turn              o - ring of wizardry
MPRegen  0.13/turn              (no ring)

@: curled up
A: large, rugged brown scales 3, see invisible, deformed body, roll 1, armoured
tail, reflexive curl, claws 1, hooves 1
a: Rolling Charge, Renounce Religion


You were on level 6 of the Dungeon.
You worshipped Vehumet.
Vehumet was noncommittal.
You visited 2 branches of the dungeon, and saw 7 of its levels.

You collected 324 gold pieces.

Inventory:

Hand Weapons
 i - a +1 vorpal mace (weapon)
Armour
 a - a +0 robe (worn)
Jewellery
 h - an amulet of the acrobat (around neck)
 o - a ring of wizardry (right claw)
Wands
 n - a wand of polymorph (12)
Scrolls
 b - 7 scrolls of identify {unknown}
 c - a scroll of immolation {unknown}
 d - 4 scrolls of teleportation {unknown}
 e - 4 scrolls of magic mapping {unknown}
 f - 3 scrolls of amnesia {unknown}
 g - 2 scrolls of enchant armour {unknown}
 j - a scroll of silence {unknown}
 k - a scroll of enchant weapon {unknown}
 l - 3 scrolls of blinking {unknown}
 m - a scroll of vulnerability {unknown}
 u - 2 scrolls of fog {unknown}
Potions
 p - 2 potions of curing
 q - a potion of degeneration {unknown}
 r - a potion of magic
 s - a potion of mutation
 t - a potion of resistance {unknown}
 v - a potion of cancellation {unknown}
 w - a potion of heal wounds {unknown}


   Skills:
 + Level 6.6 Dodging
 - Level 1.2 Stealth
 - Level 2.0 Spellcasting
 * Level 10.6 Conjurations


You had 9 spell levels left.
You knew the following spells:

 Your Spells              Type           Power      Damage    Failure   Level
a - Magic Dart            Conj           100%       1d8       1%          1
b - Searing Ray           Conj           98%        3d7       1%          2

Your spell library contained the following spells:

 Spells                   Type           Power      Damage    Failure   Level
 Dazzling Flash           Conj/Hex       50%        N/A       1%          3
 Mephitic Cloud           Conj/Pois/Air  17%        N/A       4%          3
 Sting                    Tmut/Pois      8%         1d3       6%          1
 Fulminant Prism          Conj/Hex       12%        3d9       6%          4
 Iskenderun's Mystic Bla  Conj/Tloc      25%        2d7       6%          4
 Poisonous Vapours        Pois/Air       4%         N/A       9%          2
 Ignite Poison            Fire/Tmut/Pois 2%         N/A       16%         3
 Olgreb's Toxic Radiance  Pois           2%         N/A       45%         4


Dungeon Overview and Level Annotations

Branches:
Dungeon (6/15)             Temple (1/1) D:6

Altars:
Ashenzari
Cheibriados
Dithmenos
Elyvilon
Fedhas
Gozag
Hepliaklqana
Makhleb
Nemelex Xobeh
Qazlal
Ru
Sif Muna
Trog
Uskayaw
Vehumet
Wu Jian
Xom
Yredelemnul
Zin
The Shining One

Shops:
D:4 =


Innate Abilities, Weirdness & Mutations

You are completely covered in rugged brown scales. (AC +3, +7% HP)
You have supernaturally acute eyesight. (SInv)
Armour fits poorly on your strangely shaped body.
You can roll at nearby foes to attack.
You have a long armoured tail.
You curl defensively after being hit.
You have sharp fingernails.
You have large cloven feet.


Message History

Casting: Searing Ray (safe; 1% risk of failure)
Confirm with . or Enter, or press ? or * to list all spells.
Aiming: Searing Ray (safe; 1% risk of failure)
Press: ? - help, Shift-Dir - straight line, f - killer bee
Aim: a killer bee (heavily wounded, 35% to evade)
The searing ray hits the killer bee!
You kill the killer bee!
Vehumet accepts your kill. (Press . to maintain the ray.)
You feel very sick.
You feel sick.
You feel sick.
A wyvern comes into view.
You feel sick.
You feel sick.
You are no longer poisoned.
You start resting.
A wyvern is nearby!
The wyvern hisses angrily.
Really walk into that dispersal trap?
You enter a dispersal trap!
The wyvern blinks! x3; You blink.
The wyvern misses you. The wyvern completely misses you.
The wyvern completely misses you. The wyvern bites you! The wyvern bites you!
* * * LOW HITPOINT WARNING * * *
The wyvern bites you but does no damage.
You feel better. The wyvern bites you!
* * * LOW HITPOINT WARNING * * *
The wyvern bites you.
* * * LOW HITPOINT WARNING * * *
You feel better. The wyvern bites you!
* * * LOW HITPOINT WARNING * * *
It was a potion of magic.
Magic courses through your body. The wyvern closely misses you.
The wyvern barely misses you.
It was a potion of mutation.
You feel extremely strange.
Your feet thicken and deform.
Your fingernails lengthen.
The wyvern bites you!
You die...

.....#.#...≈# #.# #....#.#.≈≈.#
#.. .....#.#≈.).# #..
#....#.#...≈## ##.
.....#.##.≈..## #.
######..##....## #.
#........###...### #≈ #### #.
#.......## ###.l.###.... #..# #.
#.......### ###@.....# ###|.####
#.........####.#)########.....###
#....##....#..).)##...#....#...##
###..##.......#####.......###.#.#
##...........## ##.....##.##.#.
#..#...#...#.## #....##.#.##.#
..##...##..#..## #...##.#.#.##.
.##.....##..#..#####..##.#.#.#.##
##..#.#..##.#...#....##.#.###.#.#


You could see a wyvern.

Vanquished Creatures
  Grinder (D:3)
  Sigmund (D:3)
  A shadow (D:6)
  2 water moccasins (D:5)
  2 ice beasts
  3 necrophages
  2 black bears
  The ghost of kannibaal the Skirmisher, an amateur MiBe of Trog (D:3)
  4 ogres
  A centaur (D:6)
  A phantom (D:6)
  2 water moccasin zombies
  3 scorpions
  3 water moccasin skeletons
  A killer bee (D:6)
  A howler monkey (D:4)
  A centaur zombie (D:5)
  3 jellies
  A hound (D:6)
  A bullfrog skeleton (D:5)
  2 iguanas
  Jessica (D:3)
  2 orc wizards
  4 gnolls (D:5)
  7 adders
  2 white imps
  An ufetubus (D:5)
  4 dart slugs
  10 orcs
  5 bats
  11 endoplasms
  2 giant cockroaches
  5 goblins
  4 hobgoblins
  2 kobolds
  5 quokkas
  5 ball pythons
  4 frilled lizards
  3 rats
114 creatures vanquished.

Vanquished Creatures (others)
  5 dream sheep (D:6)
  A plant (D:1)
6 creatures vanquished.

Grand Total: 120 creatures vanquished

Notes
Turn   | Place    | Note
-------+----------+-------------------------------------------
     0 | D:1      | Lanoc the Palentonga Conjurer began the quest for the Orb.
     0 | D:1      | Reached XP level 1. HP: 13/13 MP: 3/3
   323 | D:1      | Reached XP level 2. HP: 20/20 MP: 0/5
   326 | D:1      | Learned a level 2 spell: Searing Ray
   524 | D:1      | Reached skill level 4 in Conjurations
  1271 | D:2      | Found a blossoming altar of Fedhas.
  1331 | D:2      | Found a sparkling altar of Nemelex Xobeh.
  1479 | D:2      | Reached XP level 3. HP: 25/25 MP: 4/6
  1728 | D:2      | Found a snail-covered altar of Cheibriados.
  1965 | D:2      | Noticed an ogre
  1973 | D:2      | Killed an ogre
  1974 | D:2      | Reached skill level 5 in Conjurations
  1974 | D:2      | Reached XP level 4. HP: 32/32 MP: 0/7
  2499 | D:3      | Noticed Jessica
  2503 | D:3      | Killed Jessica
  2504 | D:3      | Reached XP level 5. HP: 37/37 MP: 3/8
  2660 | D:3      | Noticed Grinder
  2682 | D:3      | Paralysed by Grinder for 3 turns
  2698 | D:3      | Killed Grinder
  2699 | D:3      | Reached skill level 6 in Conjurations
  2699 | D:3      | Reached XP level 6. HP: 22/43 MP: 1/9
  3048 | D:3      | Noticed Sigmund
  3069 | D:3      | Killed Sigmund
  3070 | D:3      | Gained mutation: You curl defensively after being hit.
                  | [Palentonga growth]
  3070 | D:3      | Reached XP level 7. HP: 45/49 MP: 4/10
  3494 | D:3      | Found a large runed translucent door.
  3494 | D:3      | Found a large runed translucent door.
  3496 | D:3      | Noticed kannibaal's ghost (amateur MiBe)
  3696 | D:3      | Killed kannibaal's ghost
  3697 | D:3      | Reached skill level 7 in Conjurations
  3899 | D:4      | Found a sparkling altar of Nemelex Xobeh.
  4458 | D:4      | Found a basalt altar of Yredelemnul.
  4484 | D:4      | Found Fofryu's Jewellery Shoppe.
  4624 | D:5      | Entered Level 5 of the Dungeon
  4676 | D:5      | Reached skill level 8 in Conjurations
  4676 | D:5      | Reached XP level 8. HP: 40/55 MP: 4/11
  5057 | D:5      | Reached skill level 5 in Dodging
  5691 | D:5      | Reached skill level 9 in Conjurations
  6315 | D:6      | Reached XP level 9. HP: 60/60 MP: 9/12
  6672 | D:6      | Reached skill level 10 in Conjurations
  7037 | D:6      | Found a staircase to the Ecumenical Temple.
  7102 | Temple   | Entered the Ecumenical Temple
  7226 | Temple   | Became a worshipper of Vehumet
  7773 | D:6      | Found a shimmering altar of Xom.
  8109 | D:6      | HP: 1/60 [wyvern (13)]
  8111 | D:6      | Gained mutation: You have large cloven feet. [potion of
                  | mutation]
  8111 | D:6      | Gained mutation: You have sharp fingernails. [potion of
                  | mutation]
  8111 | D:6      | Mangled by a wyvern

Illustrated notes

Levels and vault maps discovered:
D:1:      minmay_arrival_checkered_box, layout_loops_ring, chequers_big_river,
          wander_ebering_terrifying_dragon_lair
D:2:      layout_loops_corners, kennysheep_slug_shrine, fedhas_ov_isle_minmay,
          lemuel_round_altar, amethyst_killhole, minmay_pentomino_z2
D:3:      layout_basic, ebering_ghost_disaster_area, uniq_sigmund, uniq_jessica,
          uniq_grinder
D:4:      layout_rooms, kennysheep_mini, serial_shops, nicolae_shop_crystal,
          nemelex_xobeh_ov_fountains_minmay
D:5:      layout_loops_corners, kennysheep_generic_room_3
D:6:      minmay_inner_zag, layout_layer_cave, kb_xom_exploding_sheep,
          minmay_temple_entry_waves, minmay_misc_feat_square,
          kennysheep_minor_cross, nzn_random_ring
Temple:   regret_index_temple_waves

Skill      XL: |  1  2  3  4  5  6  7  8  9 |
---------------+----------------------------+-----
Conjurations   | 4 5 6 8 9 10 | 10.6
Dodging        | 2 3 4 5 6 |  6.6
Stealth        | |  1.2
Spellcasting   | |  2.0

Action                   |  1- 3 |  4- 6 |  7- 9 || total
-------------------------+-------+-------+-------++-------
Melee: Unarmed           |     3 |     3 |       ||     6
       Mace              |       |       |    18 ||    18
       Tailslap          |       |       |     2 ||     2
 Cast: Magic Dart        |    51 |    34 |    49 ||   134
       Searing Ray       |     1 |     3 |    48 ||    52
  Use: Potion            |       |     3 |     4 ||     7
Armor: Robe              |     3 |     2 |    15 ||    20
Dodge: Dodged            |     3 |     8 |    83 ||    94

Table legend: (Time is in decaauts)
 A = Elapsed time spent in this place.
 B = Non-inter-level travel time spent in this place.
 C = Inter-level travel time spent in this place.
 D = Time resting spent in this place.
 E = Time spent auto-exploring this place.
 F = Levels seen in this place.
 G = Mean time per level.
                   A        B        C        D        E       F      G
               +--------+--------+--------+--------+--------+-----+--------+
         Total |   8132 |   7956 |    176 |      3 |   7255 |   7 | 1161.7 |
       Dungeon |   7976 |   7848 |    128 |      3 |   7150 |   6 | 1329.3 |
        Temple |    156 |    108 |     48 |      0 |    105 |   1 |  156.0 |
               +--------+--------+--------+--------+--------+-----+--------+

Top non-repeatable levels by time:
     D:6: 1732 daAuts
     D:5: 1607 daAuts
     D:3: 1398 daAuts
     D:1: 1280 daAuts
     D:2: 1227 daAuts
     D:4: 730 daAuts
  Temple: 156 daAuts
